NYP
MINNESOTA (NYP) TWINS @ HUDSON VALLEY RENEGADES
09/25/2046
 
TOP OF THE 1ST
Minnesota (NYP) Twins batting - Pitching for Hudson Valley Renegades : RHP Julian Black
Pitching: RHP Julian Black
Batting: RHB John Dew 0-0: Called Strike
0-1: Foul Ball, location: 2F
0-2: Strikes out looking
Batting: SHB Manny Molina 0-0: Called Strike
0-1: Foul Ball, location: 2F
0-2: Ball
1-2: TRIPLE (Flyball, 78XD, EV 105.6 MPH)
Batting: LHB Jayden Thomas 0-0: Ball
1-0: Called Strike
1-1: Swinging Strike
1-2: Ball
2-2: Ground out U3 (Groundball, 3L, EV 85.6 MPH)
Batting: LHB Kuemon Shishido 0-0: Ball
1-0: Ball
2-0: Ball
3-0: Called Strike
3-1: Base on Balls
Batting: RHB Michael McDonald 0-0: Called Strike
0-1: Ball
1-1: Ball
2-1: DOUBLE (Flyball, 89D, EV 103.1 MPH)
Manny Molina scores
Kuemon Shishido to third
Batting: RHB David Nardone 0-0: Ball
1-0: Foul Ball, location: 2F
1-1: Ground out U3 (Groundball, 34, EV 76.9 MPH)
Top of the 1st over - 1 run, 2 hits, 0 errors, 2 left on base; Minnesota (NYP) 1 - Hudson Valley 0
BOTTOM OF THE 1ST
Hudson Valley Renegades batting - Pitching for Minnesota (NYP) Twins : RHP Ruben Requena
Pitching: RHP Ruben Requena
Batting: LHB Tony Zizumbo 0-0: Ball
1-0: Ball
2-0: Ball
3-0: Called Strike
3-1: Base on Balls
Batting: RHB Eric Narrow 0-0: Fly out, F8 (Flyball, 8LD, EV 100.0 MPH)
Batting: LHB Rocky Crowley 0-0: Ball
1-0: Swinging Strike
1-1: Ball
2-1: Ball
3-1: Fly out, F8 (Flyball, 89M, EV 90.0 MPH)
Batting: RHB Kevin Kush 0-0: Called Strike
0-1: Called Strike
Tony Zizumbo steals 2nd base
0-2: Strikes out looking
Bottom of the 1st over - 0 runs, 0 hits, 0 errors, 1 left on base; Minnesota (NYP) 1 - Hudson Valley 0
TOP OF THE 2ND
Minnesota (NYP) Twins batting - Pitching for Hudson Valley Renegades : RHP Julian Black
Batting: RHB Leo Gonzalez 0-0: Swinging Strike
0-1: Ball
1-1: Swinging Strike
1-2: Foul Ball, location: 2F
1-2: Strikes out swinging
Batting: RHB Nick Phipps 0-0: Called Strike
0-1: Ball
1-1: Swinging Strike
1-2: Foul Ball, location: 2F
1-2: Foul Ball, location: 2F
1-2: Strikes out swinging
Batting: RHB Antonio Santos 0-0: Foul Ball, location: 2F
0-1: Called Strike
0-2: Ball
1-2: Strikes out swinging
Top of the 2nd over - 0 runs, 0 hits, 0 errors, 0 left on base; Minnesota (NYP) 1 - Hudson Valley 0
BOTTOM OF THE 2ND
Hudson Valley Renegades batting - Pitching for Minnesota (NYP) Twins : RHP Ruben Requena
Batting: RHB Wil Urban 0-0: Ball
1-0: Ball
2-0: Foul Ball, location: 2F
2-1: Ball
3-1: Foul Ball, location: 2F
3-2: Foul Ball, location: 2F
3-2: Foul Ball, location: 2F
3-2: Strikes out looking and he ARGUES THE CALL AND IS TOSSED!
Batting: SHB Chris Lockart 0-0: Ground out U3 (Groundball, 3S, EV 93.1 MPH)
Batting: RHB Evan Chalarian 0-0: Swinging Strike
0-1: Ball
1-1: Ball
2-1: SINGLE (Line Drive, 9S, EV 84.4 MPH)
Batting: SHB Josif Popovski 0-0: Ball
1-0: Ball
2-0: Foul Ball, location: 2F
2-1: Ball
3-1: Ground out 4-3 (Groundball, 34, EV 81.9 MPH)
Bottom of the 2nd over - 0 runs, 1 hit, 0 errors, 1 left on base; Minnesota (NYP) 1 - Hudson Valley 0
TOP OF THE 3RD
Minnesota (NYP) Twins batting - Pitching for Hudson Valley Renegades : RHP Julian Black
Batting: RHB John Dew 0-0: SINGLE (Groundball, 56D, EV 98.1 MPH)
Batting: SHB Manny Molina 0-0: Ball
1-0: Foul Ball, location: 2F
1-1: Foul Ball, location: 2F
1-2: Ball
2-2: Ball
3-2: SINGLE (Line Drive, 6MD, EV 100.0 MPH)
John Dew to second
Batting: LHB Jayden Thomas 0-0: Ball
1-0: Ball
2-0: Swinging Strike
2-1: Called Strike
2-2: Fly out, F8 (Line Drive, 78S, EV 92.5 MPH)
Batting: LHB Kuemon Shishido 0-0: Called Strike
0-1: Ball
1-1: Ground out 5-3 (Groundball, 56, EV 78.8 MPH)
John Dew to third
Manny Molina to second
Batting: RHB Michael McDonald 0-0: DOUBLE (Flyball, 89XD, EV 105.6 MPH)
John Dew scores
Manny Molina scores
Batting: RHB David Nardone 0-0: Ground out 6-3 (Groundball, 6M, EV 83.8 MPH)
Top of the 3rd over - 2 runs, 3 hits, 0 errors, 1 left on base; Minnesota (NYP) 3 - Hudson Valley 0
BOTTOM OF THE 3RD
Hudson Valley Renegades batting - Pitching for Minnesota (NYP) Twins : RHP Ruben Requena
Batting: RHB Greg Grayson 0-0: Called Strike
0-1: Ball
1-1: Swinging Strike
1-2: Strikes out swinging
Batting: LHB Tony Zizumbo 0-0: Ground out 4-3 (Groundball, 4, EV 98.8 MPH)
Batting: RHB Eric Narrow 0-0: Called Strike
0-1: Ball
1-1: Ball
2-1: Ball
3-1: Base on Balls
Batting: LHB Rocky Crowley 0-0: Ball
1-0: Foul Ball, location: 2F
1-1: Ball
2-1: Called Strike
2-2: Ground out 5-3 (Groundball, 56S, EV 94.4 MPH)
Bottom of the 3rd over - 0 runs, 0 hits, 0 errors, 1 left on base; Minnesota (NYP) 3 - Hudson Valley 0
TOP OF THE 4TH
Minnesota (NYP) Twins batting - Pitching for Hudson Valley Renegades : RHP Julian Black
Batting: RHB Leo Gonzalez 0-0: Ball
1-0: Foul Ball, location: 2F
1-1: Foul Ball, location: 2F
1-2: Ball
2-2: DOUBLE (Flyball, 8RXD, EV 104.4 MPH)
Batting: RHB Nick Phipps 0-0: Called Strike
0-1: Called Strike
0-2: Ball
1-2: Ball
2-2: Ball
3-2: Base on Balls
Batting: RHB Antonio Santos 0-0: Called Strike
0-1: Swinging Strike
0-2: Strikes out swinging
Batting: RHB John Dew 0-0: Swinging Strike
0-1: Foul Ball, location: 2F
0-2: Foul Ball, location: 2F
0-2: Ball
1-2: Foul Ball, location: 2F
1-2: Strikes out swinging
Batting: SHB Manny Molina 0-0: Ball
1-0: Ground out 4-3 (Groundball, 4S, EV 93.8 MPH)
Top of the 4th over - 0 runs, 1 hit, 0 errors, 2 left on base; Minnesota (NYP) 3 - Hudson Valley 0
BOTTOM OF THE 4TH
Hudson Valley Renegades batting - Pitching for Minnesota (NYP) Twins : RHP Ruben Requena
Batting: RHB Kevin Kush 0-0: Ball
1-0: Called Strike
1-1: Swinging Strike
1-2: Strikes out swinging
Batting: LHB Jeremy Burton 0-0: Ball
1-0: Ball
2-0: Called Strike
2-1: Ball
3-1: Base on Balls
Batting: SHB Chris Lockart 0-0: Ball
1-0: Ball
Jeremy Burton steals 2nd base (no throw)
2-0: Called Strike
2-1: Foul Ball, location: 2F
2-2: Strikes out looking
Batting: RHB Evan Chalarian 0-0: Ball
1-0: Swinging Strike
1-1: Ball
2-1: DOUBLE (Groundball, 5L, EV 106.9 MPH)
Jeremy Burton scores
Batting: SHB Josif Popovski 0-0: Swinging Strike
0-1: Called Strike
0-2: Ground out 6-3 (Groundball, 6D, EV 90.6 MPH)
Bottom of the 4th over - 1 run, 1 hit, 0 errors, 1 left on base; Minnesota (NYP) 3 - Hudson Valley 1
TOP OF THE 5TH
Minnesota (NYP) Twins batting - Pitching for Hudson Valley Renegades : RHP Julian Black
Batting: LHB Jayden Thomas 0-0: Foul Ball, location: 2F
0-1: SINGLE (Groundball, 4MS, EV 66.9 MPH) (infield hit)
Batting: LHB Kuemon Shishido 0-0: Ball
1-0: Swinging Strike
1-1: Called Strike
1-2: Ball
2-2: Ball
3-2: Foul Ball, location: 2F
3-2: Strikes out swinging
Jayden Thomas is caught stealing 2nd base 2-6
Batter strikes out.
Batting: RHB Michael McDonald 0-0: Ball
1-0: Called Strike
1-1: Called Strike
1-2: Ball
2-2: Strikes out swinging
Top of the 5th over - 0 runs, 1 hit, 0 errors, 0 left on base; Minnesota (NYP) 3 - Hudson Valley 1
BOTTOM OF THE 5TH
Hudson Valley Renegades batting - Pitching for Minnesota (NYP) Twins : RHP Ruben Requena
Batting: RHB Greg Grayson 0-0: Called Strike
0-1: Foul Ball, location: 2F
0-2: Strikes out swinging
Batting: LHB Tony Zizumbo 0-0: Ball
1-0: Called Strike
1-1: Foul Ball, location: 2F
1-2: Foul Ball, location: 2F
1-2: Ground out 1-3 (Groundball, 13, EV 62.5 MPH)
Batting: RHB Eric Narrow 0-0: Ball
1-0: Ball
2-0: Fly out, F9 (Flyball, 9S, EV 88.1 MPH)
Bottom of the 5th over - 0 runs, 0 hits, 0 errors, 0 left on base; Minnesota (NYP) 3 - Hudson Valley 1
TOP OF THE 6TH
Minnesota (NYP) Twins batting - Pitching for Hudson Valley Renegades : RHP Julian Black
Pitching: LHP Hugo Aquino
Batting: RHB David Nardone 0-0: Ball
1-0: SINGLE (Groundball, 15S, EV 71.2 MPH) (infield hit)
Batting: RHB Leo Gonzalez 0-0: Swinging Strike
0-1: Ball
Wild Pitch!
David Nardone to second
1-1: Foul Ball, location: 2F
1-2: Ground out 4-3 (Groundball, 4, EV 100.0 MPH)
David Nardone to third
Batting: RHB Nick Phipps 0-0: Ball
1-0: Ball
2-0: Ball
3-0: Base on Balls
Batting: RHB Antonio Santos 0-0: Ball
1-0: Ball
2-0: Ball
3-0: Base on Balls
Nick Phipps to second
Batting: RHB John Dew 0-0: Ball
1-0: Ball
2-0: Called Strike
2-1: Foul Ball, location: 2F
2-2: Ball
3-2: Base on Balls
David Nardone scores
Nick Phipps to third
Antonio Santos to second
Batting: SHB Manny Molina 0-0: Swinging Strike
0-1: Ball
1-1: Foul Ball, location: 2F
1-2: Ball
2-2: Strikes out swinging
Batting: LHB Jayden Thomas 0-0: Called Strike
0-1: Foul Ball, location: 2F
0-2: Foul Ball, location: 2F
0-2: Ball
1-2: Ball
2-2: Strikes out swinging
Top of the 6th over - 1 run, 1 hit, 0 errors, 3 left on base; Minnesota (NYP) 4 - Hudson Valley 1
BOTTOM OF THE 6TH
Hudson Valley Renegades batting - Pitching for Minnesota (NYP) Twins : RHP Ruben Requena
Batting: LHB Rocky Crowley 0-0: Ball
1-0: Ball
2-0: Foul Ball, location: 2F
2-1: Called Strike
2-2: Ball
3-2: Foul Ball, location: 2F
3-2: Base on Balls
Batting: RHB Kevin Kush 0-0: Called Strike
0-1: Called Strike
0-2: Grounds into double play, 4-6-3 (Groundball, 4, EV 90.6 MPH)
Batting: LHB Jeremy Burton 0-0: Ball
1-0: Fly out, F7 (Flyball, 7, EV 86.9 MPH)
Bottom of the 6th over - 0 runs, 0 hits, 0 errors, 0 left on base; Minnesota (NYP) 4 - Hudson Valley 1
TOP OF THE 7TH
Minnesota (NYP) Twins batting - Pitching for Hudson Valley Renegades : LHP Hugo Aquino
Batting: LHB Kuemon Shishido 0-0: Ball
1-0: Fly out, F9 (Flyball, 9S, EV 90.0 MPH)
Batting: RHB Michael McDonald 0-0: Ball
1-0: Foul Ball, location: 2F
1-1: SOLO HOME RUN (Flyball, 9D, EV 96.2 MPH), Distance : 364 ft
Batting: RHB David Nardone 0-0: Ball
1-0: Ball
2-0: Ball
3-0: Called Strike
3-1: Ground out U3 (Groundball, 3L, EV 90.6 MPH)
Batting: RHB Leo Gonzalez 0-0: Called Strike
0-1: Called Strike
0-2: Foul Ball, location: 2F
0-2: Ball
1-2: Ball
2-2: Foul Ball, location: 2F
2-2: Ball
3-2: SINGLE (Groundball, 56D, EV 105.0 MPH)
Pitching: RHP Suezo Nagai
Batting: RHB Nick Phipps 0-0: Ball
1-0: Swinging Strike
1-1: Ball
2-1: Called Strike
2-2: Strikes out swinging
Top of the 7th over - 1 run, 2 hits, 0 errors, 1 left on base; Minnesota (NYP) 5 - Hudson Valley 1
BOTTOM OF THE 7TH
Hudson Valley Renegades batting - Pitching for Minnesota (NYP) Twins : RHP Ruben Requena
Batting: SHB Chris Lockart 0-0: Called Strike
0-1: Ball
1-1: SINGLE (Groundball, 25, EV 70.6 MPH) (infield hit)
Pitching: RHP Willie Romero
Batting: RHB Evan Chalarian 0-0: Ball
1-0: Called Strike
Chris Lockart steals 2nd base (no throw)
1-1: Foul Ball, location: 2F
1-2: Strikes out looking
Batting: SHB Josif Popovski 0-0: Called Strike
0-1: Ball
1-1: Foul Ball, location: 2F
1-2: Ball
2-2: Strikes out swinging
Batting: RHB Greg Grayson 0-0: Called Strike
0-1: Foul Ball, location: 2F
0-2: Strikes out swinging
Bottom of the 7th over - 0 runs, 1 hit, 0 errors, 1 left on base; Minnesota (NYP) 5 - Hudson Valley 1
TOP OF THE 8TH
Minnesota (NYP) Twins batting - Pitching for Hudson Valley Renegades : RHP Suezo Nagai
Batting: RHB Antonio Santos 0-0: SOLO HOME RUN (Flyball, 78XD, EV 98.8 MPH), Distance : 411 ft
Batting: RHB John Dew 0-0: Ball
1-0: Ground out 2-3 (Groundball, 2L, EV 74.4 MPH)
Batting: SHB Manny Molina 0-0: Ball
1-0: SINGLE (Line Drive, 5D, EV 96.2 MPH)
Batting: LHB Jayden Thomas 0-0: Called Strike
0-1: Called Strike
0-2: SINGLE (Line Drive, 89S, EV 101.2 MPH)
Manny Molina to second
Batting: LHB Kuemon Shishido 0-0: Called Strike
0-1: Fly out, F9 (Line Drive, 9LS, EV 91.9 MPH)
Batting: RHB Michael McDonald 0-0: Ball
1-0: Fly out, F8 (Flyball, 89S, EV 80.0 MPH)
Top of the 8th over - 1 run, 3 hits, 0 errors, 2 left on base; Minnesota (NYP) 6 - Hudson Valley 1
BOTTOM OF THE 8TH
Hudson Valley Renegades batting - Pitching for Minnesota (NYP) Twins : RHP Willie Romero
Batting: LHB Tony Zizumbo 0-0: Foul Ball, location: 2F
0-1: Ball
1-1: Ground out 6-3 (Groundball, 6, EV 84.4 MPH)
Pinch Hitting: LHB Josh Redfern 0-0: Called Strike
0-1: Ball
1-1: Foul Ball, location: 2F
1-2: Ball
2-2: Strikes out swinging
Batting: LHB Rocky Crowley 0-0: Ball
1-0: Ground out 6-3 (Groundball, 6, EV 87.5 MPH)
Bottom of the 8th over - 0 runs, 0 hits, 0 errors, 0 left on base; Minnesota (NYP) 6 - Hudson Valley 1
TOP OF THE 9TH
Minnesota (NYP) Twins batting - Pitching for Hudson Valley Renegades : RHP Suezo Nagai
Now in LF: Eddie Zamora
Batting: RHB David Nardone 0-0: Foul Ball, location: 2F
0-1: Ground out 6-3 (Groundball, 6, EV 86.2 MPH)
Batting: RHB Leo Gonzalez 0-0: Ball
1-0: Foul Ball, location: 2F
1-1: Called Strike
1-2: Strikes out looking
Batting: RHB Nick Phipps 0-0: Ball
1-0: Ball
2-0: Foul Ball, location: 2F
2-1: SINGLE (Groundball, 6MD, EV 105.0 MPH) (infield hit)
Batting: RHB Antonio Santos 0-0: Called Strike
Nick Phipps steals 2nd base
0-1: Foul Ball, location: 2F
0-2: Strikes out looking
Top of the 9th over - 0 runs, 1 hit, 0 errors, 1 left on base; Minnesota (NYP) 6 - Hudson Valley 1
BOTTOM OF THE 9TH
Hudson Valley Renegades batting - Pitching for Minnesota (NYP) Twins : RHP Willie Romero
Batting: RHB Kevin Kush 0-0: Foul Ball, location: 2F
0-1: Foul Ball, location: 2F
0-2: Ball
1-2: Foul Ball, location: 2F
1-2: Foul Ball, location: 2F
1-2: Foul Ball, location: 2F
1-2: Ball
2-2: Ball
3-2: Foul Ball, location: 2F
3-2: Strikes out looking
Batting: LHB Jeremy Burton 0-0: Ball
1-0: Ground out 6-3 (Groundball, 6, EV 105.0 MPH)
Batting: SHB Chris Lockart 0-0: Foul Ball, location: 2F
0-1: Called Strike
0-2: Ball
1-2: Ground out 1-3 (Groundball, 34S, EV 66.2 MPH)
Bottom of the 9th over - 0 runs, 0 hits, 0 errors, 0 left on base; Minnesota (NYP) 6 - Hudson Valley 1
Tuesday, September 13th , 2022 - OOTP Baseball 23.7 Build 88